 Dungeon Crawl Stone Soup version 0.18-a0-1372-gd644665 (webtiles) character file.

79 M4edhros the Insei (level 4, -2/31 HPs)
             Began as an Octopode Monk on Feb 21, 2016.
             Slain by M4edhros's ghost (20 damage)
             ... on level 3 of the Dungeon.
             The game lasted 00:01:47 (1438 turns).

M4edhros the Insei (Octopode Monk)                  Turns: 1438, Time: 00:01:47

Health: -2/31      AC:  1    Str: 10    XL:     4   Next: 38%
Magic:  4/4        EV: 19    Int: 12    God:
Gold:   66         SH:  0    Dex: 20    Spells: 0 memorised, 3 levels left

rFire  . . .     SeeInvis .       - Unarmed
rCold  . . .     Gourm    .     (no shield)
rNeg   . . .     Faith    .     (helmet restricted)
rPois  .         Spirit   .     (no amulet)
rElec  .         Dismiss  .     c - ring of loudness (curse)
rCorr  .         Reflect  .     (no ring)
SustAt .         Harm     .     (no ring)
MR     .....                    (no ring)
Stlth  ++++......               (no ring)
                                (no ring)
                                (no ring)
                                (no ring)

@: agile, not resistant to hostile enchantments, stealthy
A: almost no armour, amphibious, 8 rings, constrict 8, camouflage 1, gelatinous
body 1
a: no special abilities


You were on level 3 of the Dungeon.
You were not hungry.

You visited 1 branch of the dungeon, and saw 3 of its levels.

You collected 66 gold pieces.

Inventory:

Hand Weapons
 h - a +0 hunting sling
Missiles
 g - 112 stones (quivered)
Jewellery
 c - a cursed ring of loudness (left tentacle)
 p - a +2 ring of evasion {unknown}
Scrolls
 b - 4 scrolls of enchant weapon {unknown}
 d - 2 scrolls of identify {unknown}
 f - a scroll of teleportation {unknown}
 j - a scroll of enchant armour {unknown}
 n - a scroll of random uselessness {unknown}
 s - a scroll of amnesia {unknown}
Potions
 e - a potion of agility
 m - a potion of brilliance {unknown}
 q - a potion of magic {unknown}
 r - a potion of degeneration {unknown}
Comestibles
 a - a bread ration
 i - 2 meat rations
 l - a beef jerky
 o - 3 chunks of flesh


   Skills:
 - Level 3.0 Fighting
 - Level 3.0 Dodging
 + Level 4.4 Stealth
 + Level 5.1 Unarmed Combat


You had 3 spell levels left.
You didn't know any spells.

Dungeon Overview and Level Annotations

Branches:
Dungeon (3/15)

Altars:
Pakellas
Vehumet

Annotations:
D:3 M4edhros's ghost, amateur OpMo


Innate Abilities, Weirdness & Mutations

You cannot wear most types of armour.
You are amphibious.
You can wear up to eight rings at the same time.
You can use your tentacles to constrict eight enemies at once.
Your skin changes colour to match your surroundings (Stealth).
Your rubbery body absorbs attacks (AC +1).


Message History

M4edhros's ghost turns its malevolent gaze towards you.
There is an open door here.
Drink which item? (? for menu, Esc to quit)
You feel agile all of a sudden.
Drink which item? (? for menu, Esc to quit)
It was a potion of curing.
You feel better.
You swing at nothing.
You tentacle-slap M4edhros's ghost. You squeeze M4edhros's ghost.
M4edhros's ghost is heavily damaged.
M4edhros's ghost whispers, "The ORB doesn't exist."
M4edhros's ghost completely misses you.
You barely miss M4edhros's ghost.
M4edhros's ghost is heavily damaged.
M4edhros's ghost closely misses you.
You closely miss M4edhros's ghost.
M4edhros's ghost is heavily damaged.
M4edhros's ghost hits you but does no damage.
You are electrocuted!
Ouch! That really hurt!
You die...

###### .#.#
#....##.#.### ## .
#.......#.#. ..##..
'........... ..§.§.
#.....# #.#.##.§§§..
#.....###.#....)_.§.
#####.....##...§.§..
#.....##W#.§...#
#......@)...####
##..........##
#..........##
#..........#
#......#####
#......#######+#+###
#.......)..........#
#.......###........#
#.......# #........#


You could see M4edhros's ghost.

Vanquished Creatures
  3 adders
  An ooze (D:2)
  3 giant geckos
  A giant cockroach (D:2)
  8 goblins
  7 hobgoblins
  4 jackals (D:3)
  5 bats
  2 giant newts (D:2)
  4 kobolds
  5 rats
43 creatures vanquished.

Notes
Turn   | Place    | Note
--------------------------------------------------------------
     0 | D:1      | M4edhros the Octopode Monk began the quest for the Orb.
     0 | D:1      | Reached XP level 1. HP: 16/16 MP: 1/1
   261 | D:1      | Reached XP level 2. HP: 21/21 MP: 2/2
   767 | D:2      | Reached XP level 3. HP: 26/26 MP: 3/3
  1072 | D:2      | Reached XP level 4. HP: 22/31 MP: 4/4
  1290 | D:3      | Noticed M4edhros's ghost (amateur OpMo)
  1337 | D:3      | Found an oddly glowing altar of Pakellas.
  1354 | D:3      | Reached skill level 5 in Unarmed Combat
  1425 | D:3      | Found a radiant altar of Vehumet.
  1438 | D:3      | Slain by M4edhros's ghost

Vault maps used:
D:1:      lightli_arrival_windingriver, grunt_decor_one_mirror,
          interstate_on_off
D:2:      hangedman_decor_clover_reticule
D:3:      grunt_pakellas_basics, fiery_altar_vehumet, portal_sewer_entry_a,
          minmay_misc_feat_alley, kennysheep_generic_room_4

Action                   |  1- 3 |  4- 6 || total
-------------------------+-------+-------++-------
Melee: Unarmed           |    73 |    22 ||    95
  Use: Potion            |       |     3 ||     3
 Stab: Sleeping          |     8 |       ||     8
       Distracted        |       |     1 ||     1
  Eat: Chunk             |       |     2 ||     2
